 Dungeon Crawl Stone Soup version 0.32-a0-868-g153ae1a8d6 (webtiles) character file.

Game seed: 4931827131623930200

1612 ezpacito the Trooper (level 8, -8/68 HPs)
             Began as a Coglin Chaos Knight on Mar 28, 2024.
             Was a Plaything of Xom.
             Mangled by a wyvern (10 damage)
             ... on level 7 of the Dungeon.
             The game lasted 00:07:06 (6162 turns).

ezpacito the Trooper (Coglin Chaos Knight)          Turns: 6162, Time: 00:07:07

Health: -8/68      AC: 25    Str: 14    XL:     8   Next: 95%
Magic:  2/10       EV:  4    Int: 11    God:    Xom [..*...]
Gold:   305        SH:  0    Dex: 17    Spells: 11/11 levels left

rFire   . . .        C - +2 war axe (protect) {Fritz}
rCold   . . .        a - +1 hand axe (chaos) {Hayata}
rNeg    . . .        I - +0 plate armour
rPois   +            (no helmet)
rElec   .            (no cloak)
rCorr   .            A - +2 pair of gloves {infuse}
SInv    .            x - +0 pair of boots
Will    +....        (amulet unavailable) Stlth
                     (ring unavailable)
HPRegen 0.31/turn    (ring unavailable)
MPRegen 0.12/turn    (no gizmo)

%: clarity, infuse magic (1 MP)
@: under a protective aura, revving
A: off-hand wielding, slow wielding, warmup strikes, no jewellery, iridescent
scales 1, agile 1, clarity, low MP 1, strong-willed 1, poison resistance, robust
1, teleportitis 1, subdued magic 1
a: Invent Gizmo, Renounce Religion


You were on level 7 of the Dungeon.
You worshipped Xom.
You were a toy of Xom.
You visited 2 branches of the dungeon, and saw 8 of its levels.
You also visited: Ossuary.

You collected 305 gold pieces.

Inventory:

Hand Weapons
 a - a +1 hand axe of chaos (offhand) {Hayata}
 k - the +2 dagger of Kindness {freeze, rN++ Stlth-}
   (You found it on level 3 of the Dungeon)

   rN++:      It greatly protects you from negative energy.
   Stlth-:    It makes you less stealthy.
 y - a +2 hand axe of draining {Vicente}
 B - a +2 mace of holy wrath
 C - a +2 war axe of protection (weapon) {Fritz}
Missiles
 b - 5 boomerangs (quivered)
 D - 3 poisoned darts
Armour
 x - a +0 pair of boots (worn)
 A - a +2 pair of gloves of infusion (worn)
 I - a +0 plate armour (worn)
Magical Staves
 p - a staff of death
 w - a staff of alchemy
Wands
 n - a wand of roots (2)
 o - a wand of flame (9)
 H - a wand of mindburst (3)
Scrolls
 g - a scroll of fear
 m - 2 scrolls of poison
 r - a scroll of revelation {unknown}
 t - 5 scrolls of teleportation
 v - a scroll of torment
 E - 3 scrolls of summoning
 F - a scroll of vulnerability
 G - a scroll of amnesia {unknown}
Potions
 d - 3 potions of might
 e - a potion of brilliance {unknown}
 f - a potion of cancellation {unknown}
 h - 4 potions of haste
 j - a potion of enlightenment {unknown}
 l - 2 potions of heal wounds
 q - 2 potions of curing
 s - a potion of invisibility {unknown}
 u - a potion of magic {unknown}
 z - 2 potions of lignification {unknown}


   Skills:
 * Level 5.2 Fighting
 * Level 5.1(5.4) Axes
 + Level 2.3(3.8) Polearms
 * Level 4.1 Armour
 * Level 3.7 Dodging
 + Level 2.4 Stealth
 + Level 2.1 Spellcasting
 + Level 2.3 Necromancy
 + Level 2.5 Alchemy
 + Level 3.3 Evocations


You had 11 spell levels left.
You didn't know any spells.
Your spell library contained the following spells:

 Spells                   Type           Power      Damage    Failure   Level
 Magic Dart               Conj           0%         1d3       100%        1
 Blink                    Tloc           0%         N/A       100%        2
 Call Imp                 Summ           0%         N/A       100%        2
 Tukima's Dance           Hex            0%         N/A       100%        3
 Maxwell's Portable Pile  Tloc           0%         2d(5-10)  100%        4
 Passage of Golubria      Tloc           0%         N/A       100%        4
 Arcjolt                  Conj/Air       0%         1d10      100%        5
 Yara's Violent Unravell  Hex/Alch       1%         3d3       100%        5
 Maxwell's Capacitive Co  Air            0%         ∞         100%        8


Dungeon Overview and Level Annotations

Branches:
Dungeon (7/15)             Temple (1/1) D:6         Ossuary (visited)

Altars:
Ashenzari
Cheibriados
Dithmenos
Elyvilon
Fedhas
Gozag
Hepliaklqana
Kikubaaqudgha
Makhleb
Nemelex Xobeh
Okawaru
Ru
Sif Muna
Trog
Uskayaw
Vehumet
Wu Jian
Xom
Yredelemnul
Zin
The Shining One


Innate Abilities, Weirdness & Mutations

You can wield a second weapon in your off-hand.
It takes a long time for you to wield or remove held weapons.
Your first few attacks do less damage.
You cannot equip rings or amulets.
You are partially covered in iridescent scales. (AC +2)
You are agile. (Dex +4, Str/Int -1)
You possess an exceptional clarity of mind.
Your magical capacity is low. (-10% MP)
You are strong-willed. (Will+)
Your system is resistant to poisons. (rPois)
You are robust. (+10% HP)
You are occasionally teleported next to monsters.
Your spells are a little easier to cast, but a little less powerful.


Message History

Your butterfly disappears in a burst of colours!
The wyvern bites your butterfly!!
Your butterfly dies!
Your butterfly disappears in a burst of colours!
You regained 18 hp, and now have 30/68 hp.
You feel better. The wyvern misses your butterfly.
You regained 8 hp, and now have 38/68 hp.
You feel much better.
The wyvern completely misses your butterfly. x2
You regained 23 hp, and now have 61/68 hp.
You swap places.
The wyvern bites your butterfly!
Your butterfly dies!
Your butterfly disappears in a burst of colours!
The wyvern completely misses your butterfly.
You swap places.
The wyvern bites you! x2
You take 23 damage, and have 38/68 hp.
MASSIVE DAMAGE!!
You closely miss the wyvern with your +2 war axe of protection.
The wyvern is severely wounded.
You barely miss the wyvern with your +1 hand axe of chaos.
The wyvern bites you but does no damage.
The wyvern bites you!
The wyvern bites you but does no damage.
You take 10 damage, and have 28/68 hp.
You hit the wyvern with your +1 hand axe of chaos.
You burn the wyvern.
The wyvern is severely wounded.
You slash the wyvern with your +2 war axe of protection!
Your weapon exudes an aura of protection.
The wyvern bites you!!
* * * LOW HITPOINT WARNING * * *
The wyvern barely misses you.
You take 21 damage, and have 7/68 hp.
MASSIVE DAMAGE!!
You now have 2/10 mp.
Okay, then.
Okay, then.
Unknown command.
Okay, then.
The wyvern bites you.
* * * LOW HITPOINT WARNING * * *
The wyvern bites you!
You die...

.............#
.######.######
#.# #.# ## #.#
#.# #b##.#
#b#b#
######bb#
#...k@b##
.....####bb#
.## .b..#
..bbb.#
##...##.#
##b## ## #.#
#.#


You could see a neutral wyvern (fast, strong, frenzied, ally target).

Vanquished Creatures
  Sigmund (D:5)
  Eustachio (D:6)
  An ice beast (D:6)
  An orc warrior (D:5)
  2 ogres (D:6)
  A centaur (D:7)
  A weeping skull (Ossuary)
  A bullfrog (D:6)
  A scorpion (D:4)
  A burial acolyte (Ossuary)
  A jelly (D:6)
  A hound (D:5)
  An orc priest (D:3)
  A sleepcap (D:6)
  2 orc wizards
  2 iguanas
  5 mummies
  4 gnolls (D:6)
  10 adders
  2 white imps (D:5)
  2 ufetubi (D:6)
  4 dart slugs
  A ribbon worm (D:5)
  19 orcs
  8 ball pythons
  6 endoplasms
  3 giant cockroaches
  A gnoll zombie (Ossuary)
  5 goblins
  3 hobgoblins
  4 jackals (D:1)
  A quokka (D:4)
  7 bats
  3 frilled lizards
  A goblin zombie (D:5)
  A hobgoblin zombie (D:5)
  3 kobolds
  7 kobold zombies (Ossuary)
  2 rats
121 creatures vanquished.

Vanquished Creatures (others)
  Grinder (D:5)
1 creature vanquished.

Grand Total: 122 creatures vanquished

Notes
Turn   | Place    | Note
-------+----------+-------------------------------------------
     0 | D:1      | ezpacito the Coglin Chaos Knight began the quest for the
                  | Orb.
     0 | D:1      | Reached XP level 1. HP: 18/18 MP: 1/1
   103 | D:1      | Reached skill level 1 in Dodging
   160 | D:1      | Reached XP level 2. HP: 24/24 MP: 2/2
   796 | D:2      | Reached XP level 3. HP: 29/29 MP: 3/3
   830 | D:2      | XOM is BORED!
   830 | D:2      | XOM: 1-stop teleportation journey
  1092 | D:2      | Reached XP level 4. HP: 35/35 MP: 4/4
  1338 | D:2      | XOM is BORED!
  1338 | D:2      | XOM: noise
  1492 | D:3      | XOM: smoke on damage
  1523 | D:3      | XOM: god gift: staff of alchemy
  1534 | D:3      | Found a faded altar of an unknown god.
  1534 | D:3      | XOM: 3-stop teleportation journey
  1621 | D:3      | XOM: give mutation
  1621 | D:3      | Gained mutation: You are agile. (Dex +4, Str/Int -1) [Xom's
                  | mischief]
  1730 | D:3      | Reached XP level 5. HP: 41/41 MP: 6/6
  1775 | D:3      | Reached skill level 1 in Evocations
  1785 | D:3      | XOM: polymorph adder -> adder
  1881 | D:3      | Identified the +2 dagger of Kindness {freeze, rN++ Stlth-}
  2471 | D:4      | Reached skill level 1 in Stealth
  2602 | D:4      | Reached skill level 1 in Polearms
  2602 | D:4      | Reached skill level 1 in Spellcasting
  2602 | D:4      | Reached skill level 1 in Alchemy
  2602 | D:4      | Reached XP level 6. HP: 48/48 MP: 1/7
  3013 | D:5      | Entered Level 5 of the Dungeon
  3132 | D:5      | Noticed Grinder
  3135 | D:5      | Paralysed by Grinder for 4 turns
  3136 | D:5      | XOM: enchant monster (bad)
  3137 | D:5      | XOM: enchant monster (good)
  3178 | D:5      | XOM: scenery: summon butterflies
  3179 | D:5      | Killed Grinder
  3179 | D:5      | XOM: divine lightning
  3180 | D:5      | Reached skill level 1 in Necromancy
  3267 | D:5      | Found a sand-covered staircase.
  3299 | Ossuary  | Entered an ossuary
  3372 | Ossuary  | XOM: cleaving
  3373 | Ossuary  | Reached XP level 7. HP: 54/54 MP: 0/8
  3376 | Ossuary  | XOM: cleaving
  3493 | Ossuary  | XOM: 3-stop teleportation journey
  4016 | D:5      | Noticed Sigmund
  4024 | D:5      | Killed Sigmund
  4048 | D:5      | XOM: divination: detect items
  4104 | D:5      | XOM: give mutations
  4104 | D:5      | Gained mutation: You possess an exceptional clarity of
                  | mind. [Xom's grace]
  4104 | D:5      | Gained mutation: You are partially covered in iridescent
                  | scales. (AC +2) [Xom's grace]
  4104 | D:5      | Gained mutation: You are strong-willed. (Will+) [Xom's
                  | grace]
  4104 | D:5      | Gained mutation: You are robust. (+10% HP) [Xom's grace]
  4294 | D:5      | XOM: 4-stop teleportation journey
  4571 | D:6      | Reached XP level 8. HP: 50/67 MP: 0/10
  4599 | D:5      | XOM: give mutations
  4599 | D:5      | Gained mutation: Your spells are a little easier to cast,
                  | but a little less powerful. [Xom's mischief]
  4599 | D:5      | Gained mutation: You are occasionally teleported next to
                  | monsters. [Xom's mischief]
  4599 | D:5      | Gained mutation: Your system is resistant to poisons.
                  | (rPois) [Xom's mischief]
  4599 | D:5      | Gained mutation: Your magical capacity is low. (-10% MP)
                  | [Xom's mischief]
  4705 | D:6      | XOM: 2-stop teleportation journey
  4720 | D:6      | XOM: 5-stop teleportation journey
  4767 | D:6      | Noticed Eustachio
  4767 | D:6      | XOM: 2-stop teleportation journey
  4778 | D:6      | Killed Eustachio
  5092 | D:6      | Reached skill level 5 in Fighting
  5321 | D:6      | XOM: fog
  5323 | D:6      | Reached skill level 5 in Axes
  5388 | D:6      | XOM: silly message
  5461 | D:6      | XOM: divination: magic mapping
  5556 | D:6      | Found a staircase to the Ecumenical Temple.
  5684 | D:6      | XOM: divination: detect items
  5957 | Temple   | Entered the Ecumenical Temple
  6143 | D:7      | Noticed a wyvern
  6162 | D:7      | HP: 2/68 [wyvern (5)]
  6162 | D:7      | Mangled by a wyvern

Illustrated notes

Levels and vault maps discovered:
D:1:      kilobyte_arrival_exit_the_forest, layout_basic
D:2:      layout_loops_corners, minmay_misc_feat_columns,
          guppyfry_early_lair_pool
D:3:      layout_basic, hellmonk_ecumenical_altar_run_dry, nicolae_half_adder
D:4:      layout_cave_pools
D:5:      layout_loops_cross, nicolae_ossuary_entry_giza,
          nicolae_zig_zag_zippers, uniq_grinder, uniq_sigmund
D:6:      layout_layer_cave, minmay_temple_entry_ruins, uniq_eustachio
D:7:      layout_loops_corners
Temple:   nicolae_temple_bog_church

Skill      XL: |  1  2  3  4  5  6  7  8 |
---------------+-------------------------+-----
Dodging        | 1 2 3 |  3.7
Armour         | 2 3 4 |  4.1
Evocations     | 1 2 3 |  3.3
Stealth        | 1 2 |  2.4
Polearms       | 1 2 |  2.3
Spellcasting   | 1 2 |  2.1
Alchemy        | 1 2 |  2.5
Fighting       | 4 5 |  5.2
Necromancy     | 1 2 |  2.3
Axes           | 4 5 |  5.1

Action                     |  1- 3 |  4- 6 |  7- 9 || total
---------------------------+-------+-------+-------++-------
  Melee: Hand axe          |    59 |   150 |   131 ||   340
         Dagger            |    55 |    39 |       ||    94
         War axe           |       |       |    48 ||    48
    Use: Scroll            |       |    10 |     8 ||    18
         Potion            |       |       |     3 ||     3
   Stab: Sleeping          |     1 |     3 |       ||     4
         Paralysed         |       |       |     2 ||     2
 Armour: Leather armour    |    47 |    57 |       ||   104
         Chain mail        |       |     7 |    42 ||    49
         Plate armour      |       |       |    92 ||    92
  Dodge: Dodged            |    30 |    44 |    26 ||   100

Table legend: (Time is in decaauts)
 A = Elapsed time spent in this place.
 B = Non-inter-level travel time spent in this place.
 C = Inter-level travel time spent in this place.
 D = Time resting spent in this place.
 E = Time spent auto-exploring this place.
 F = Levels seen in this place.
 G = Mean time per level.
                   A        B        C        D        E       F      G
               +--------+--------+--------+--------+--------+-----+--------+
         Total |   6198 |   5699 |    499 |    154 |   4645 |   9 |  688.7 |
       Dungeon |   5792 |   5294 |    498 |    154 |   4369 |   7 |  827.4 |
        Temple |      1 |      1 |      0 |      0 |      0 |   1 |    1.0 |
       Ossuary |    404 |    404 |      0 |      0 |    276 |   1 |  404.0 |
               +--------+--------+--------+--------+--------+-----+--------+

Top non-repeatable levels by time:
     D:6: 1391 daAuts
     D:5: 1108 daAuts
     D:3: 1037 daAuts
     D:2: 756 daAuts
     D:1: 738 daAuts
     D:4: 576 daAuts
 Ossuary: 404 daAuts
     D:7: 182 daAuts
  Temple: 1 daAuts
